 Dungeon Crawl Stone Soup version 0.26.1-2-gb8aa6d0cf2 (webtiles) character file.

Game seed: 8385060470560728520

10458 Groucho the Unseen (level 11, -8/47 HPs)
             Began as a Spriggan Enchanter on Mar 15, 2021.
             Was a Believer of Kikubaaqudgha.
             Killed from afar by a manticore (19 damage)
             ... with a volley of spikes
             ... on level 11 of the Dungeon.
             The game lasted 00:42:21 (22985 turns).

Groucho the Unseen (Spriggan Enchanter)            Turns: 22985, Time: 00:42:22

Health: -8/47      AC:  6    Str:  7    XL:     11   Next: 36%
Magic:  20/26      EV: 22    Int: 17    God:    Kikubaaqudgha [**....]
Gold:   364        SH:  0    Dex: 20    Spells: 19/31 levels left

rFire    . . .     SeeInvis +   I - +2 dagger (pain)
rCold    + . .     Faith    .   (shield restricted)
rNeg     . . .     Spirit   .   r - +1 robe {Will+}
rPois    .         Reflect  .   (helmet restricted)
rElec    .         Harm     .   E - +0 cloak of the Tired Spines {rC+ Regen+ Dex+3}
rCorr    .         Rampage  .   (gloves unavailable)
Will     +++..                  (boots unavailable)
Stlth    +++++++...             u - amulet of the acrobat
HPRegen  0.55/turn              s - +4 ring of evasion
MPRegen  0.20/turn              n - ring of willpower

@: about to teleport, barbed spikes, very quick
A: very small, unfitting armour, slimy green scales 1, see invisible, blink,
speed 3, sense surroundings 1, evolution 1
a: Blink, Renounce Religion, Receive Corpses


You were on level 11 of the Dungeon.
You worshipped Kikubaaqudgha.
Kikubaaqudgha was pleased with you.
You visited 3 branches of the dungeon, and saw 13 of its levels.

You collected 582 gold pieces.
You spent 218 gold pieces at shops.

Inventory:

Hand Weapons
 a - a +2 dagger
 I - a +2 dagger of pain (weapon)
Missiles
 q - 319 stones
 C - 3 atropa-tipped darts
 D - 77 poisoned darts (quivered)
 J - 6 curare-tipped darts
 K - 3 boomerangs
Armour
 r - a +1 robe of willpower (worn)
 B - a +2 buckler
 E - the +0 cloak of the Tired Spines (worn) {rC+ Regen+ Dex+3}
   (You found it on level 5 of the Dungeon)

   It affects your dexterity (+3).
   It protects you from cold.
   It increases your rate of regeneration.
 G - a +1 cloak
Jewellery
 n - a ring of willpower (right hand)
 s - a +4 ring of evasion (left hand)
 u - an amulet of the acrobat (around neck)
 M - an uncursed amulet of regeneration {unknown}
Wands
 f - a wand of flame (12)
 y - a wand of acid (16)
 L - a wand of random effects (12)
Scrolls
 c - a scroll of fear
 d - 14 scrolls of identify
 e - 9 scrolls of remove curse
 h - 2 scrolls of noise {unknown}
 j - 2 scrolls of magic mapping {unknown}
 m - a scroll of teleportation
 t - 3 scrolls of blinking
 x - a scroll of enchant armour
 z - a scroll of fog {unknown}
 H - a scroll of summoning {unknown}
Potions
 b - 3 potions of might {unknown}
 g - 3 potions of lignification
 i - 3 potions of heal wounds
 k - 3 potions of ambrosia
 l - 8 potions of curing
 o - 2 potions of mutation
 p - a potion of magic {unknown}
 v - a potion of cancellation {unknown}
 w - a potion of attraction
 A - 2 potions of haste
 F - 3 potions of flight


   Skills:
 - Level 1.1 Short Blades
 - Level 3.0 Dodging
 + Level 16.6 Stealth
 + Level 10.7 Spellcasting
 + Level 10.9 Hexes
 + Level 6.3 Necromancy


You had 19 spell levels left.
You knew the following spells:

 Your Spells              Type           Power        Failure   Level
a - Corona                Hex            51%          1%          1
b - Ensorcelled Hibernat  Hex/Ice        54%          1%          2
c - Confusing Touch       Hex            46%          1%          3
d - Tukima's Dance        Hex            46%          1%          3
e - Dazzling Flash        Conj/Hex       54%          2%          3

Your spell library contained the following spells:

 Spells                   Type           Power        Failure   Level
 Animate Skeleton         Necr           60%          1%          1
 Pain                     Necr           100%         1%          1
 Sublimation of Blood     Necr           15%          1%          2
 Vampiric Draining        Necr           15%          1%          3
 Corpse Rot               Necr/Air       N/A          3%          2
 Animate Dead             Necr           15%          6%          4
 Agony                    Necr           30%          16%         5
 Gell's Gravitas          Tloc           4%           24%         3
 Metabolic Englaciation   Hex/Ice        13%          24%         5
 Yara's Violent Unravell  Hex/Tmut       13%          24%         5
 Petrify                  Tmut/Erth      9%           61%         4


Dungeon Overview and Level Annotations

Branches:
Dungeon (11/15)            Temple (1/1) D:6            Lair (0/6) D:10
    Orc (1/2) D:10

Altars:
Ashenzari
Cheibriados
Dithmenos
Elyvilon
Fedhas
Gozag
Hepliaklqana
Kikubaaqudgha
Makhleb
Nemelex Xobeh
Okawaru
Qazlal
Ru
Sif Muna
Trog
Uskayaw
Vehumet
Wu Jian
Xom
Yredelemnul
Zin
The Shining One

Shops:
D:5 ?*(!!


Innate Abilities, Weirdness & Mutations

You are very small and have problems with some larger weapons.
You are too small for most types of armour.
You have supernaturally acute eyesight. (SInv)
You cover ground extremely quickly.
You are partially covered in slimy green scales. (AC +2)
You can translocate small distances at will.
You passively map a small area around you.
You evolve.


Message History

The barbs in your skin will harm you if you move.
Continue?
Okay, then.
Unknown command.
Unknown command.
As you read the scroll of teleportation, it crumbles to dust.
You feel strangely unstable.
The centaur shoots an arrow.
The arrow hits you.
* * * LOW HITPOINT WARNING * * *
Unknown command.
Unknown command.
Casting: Ensorcelled Hibernation (safe; 1% risk of failure)
Confirm with . or Enter, or press ? or * to list all spells.
Okay, then.
Casting: Ensorcelled Hibernation (safe; 1% risk of failure)
Confirm with . or Enter, or press ? or * to list all spells.
The centaur is dazzled.
The centaur shoots an arrow.
The arrow misses you.
The manticore flicks its tail.
The volley of spikes hits you!!
The barbed spikes become lodged in your body.
You die...
Kikubaaqudgha rasps: "You have failed me!
Welcome... death!"

############ , ,
, . #..(..(....#
,
..###.(....<...#,
' ,
,['.#....@.....#
,,
#............#c ,
, * +
###..Hc(....... *
#..........## * *
* ###)########
#..)# ###'######
* #..))...(# , ,
#.....>..#


You could see a manticore and a centaur (blind).

Vanquished Creatures
  2 two-headed ogres
  Pikel (D:8)
  An oklob plant (D:10)
  An ugly thing (D:11)
  2 komodo dragons (D:10)
  3 trolls
  12 yaks
  A basilisk (D:10)
  Grum (D:9)
  Menkaure (D:5)
  A water moccasin (D:7)
  A black bear (D:8)
  5 orc warriors
  2 sky beasts
  A necrophage (D:10)
  An ice beast (D:8)
  4 ogres
  6 phantoms
  3 centaurs
  2 wolves (D:8)
  A big kobold (D:8)
  6 bullfrogs
  2 scorpions (D:8)
  11 wights
  2 electric eels (D:10)
  3 howler monkeys
  A centaur zombie (D:7)
  2 quasits
  A centaur skeleton (D:3)
  3 hounds
  4 orc priests
  3 jellies
  6 orc wizards
  5 worker ants
  5 iguanas
  2 killer bee zombies
  A hound skeleton (D:6)
  A howler monkey zombie (D:8)
  A worker ant zombie (D:5)
  4 gnolls (D:4)
  11 adders
  4 shadow imps
  3 white imps
  4 ufetubi
  An adder skeleton (D:8)
  3 worms
  2 dart slugs
  7 leopard geckos
  29 orcs
  6 bats
  6 giant cockroaches
  2 gnoll zombies (D:3)
  7 goblins
  13 hobgoblins
  6 jackals
  6 kobolds
  5 quokkas
  A ball python (D:2)
  4 frilled lizards
  2 leopard gecko skeletons
  A quokka skeleton (D:4)
  A quokka zombie (D:5)
  5 rats
244 creatures vanquished.

Vanquished Creatures (others)
  15 plants (D:10)
15 creatures vanquished.

Grand Total: 259 creatures vanquished

Notes
Turn   | Place    | Note
-------+----------+-------------------------------------------
     0 | D:1      | Groucho the Spriggan Enchanter began the quest for the Orb.
     0 | D:1      | Reached XP level 1. HP: 9/9 MP: 5/5
   151 | D:1      | Reached skill level 5 in Stealth
   265 | D:1      | Reached XP level 2. HP: 13/13 MP: 6/6
   275 | D:1      | Learned a level 2 spell: Ensorcelled Hibernation
  1149 | D:1      | Reached skill level 6 in Stealth
  1680 | D:1      | Reached XP level 3. HP: 16/16 MP: 8/8
  1684 | D:1      | Learned a level 3 spell: Confusing Touch
  4035 | D:2      | Reached skill level 7 in Stealth
  4519 | D:2      | Found a shadowy altar of Dithmenos.
  5325 | D:2      | Reached XP level 4. HP: 14/21 MP: 0/9
  7034 | D:2      | Reached skill level 8 in Stealth
  7901 | D:3      | Noticed a phantom
  7939 | D:3      | Reached skill level 9 in Stealth
  7939 | D:3      | Reached XP level 5. HP: 21/24 MP: 7/10
  7953 | D:3      | Killed a phantom
  8712 | D:3      | Reached XP level 6. HP: 28/28 MP: 10/12
  8899 | D:3      | Found a basalt altar of Yredelemnul.
  9438 | D:4      | Reached skill level 10 in Stealth
 10473 | D:4      | You fall into a shaft and drop 1 floor!
 10473 | D:5      | Entered Level 5 of the Dungeon
 10473 | D:5      | Found a broken altar of Ashenzari.
 10875 | D:5      | Found Usuilat's Distillery.
 10917 | D:5      | Found Queli Dou's Antique Weapon Shop.
 10932 | D:5      | Found Woisch's Magic Scroll Shop.
 11069 | D:5      | Got a steaming cloak
 11094 | D:5      | Learned a level 3 spell: Tukima's Dance
 11191 | D:5      | Found Offoet's General Store.
 11230 | D:5      | Bought a scroll of blinking for 82 gold pieces
 11230 | D:5      | Bought a potion of ambrosia for 88 gold pieces
 11318 | D:5      | Noticed Menkaure
 11329 | D:5      | Killed Menkaure
 11330 | D:5      | Reached skill level 11 in Stealth
 11330 | D:5      | Reached skill level 5 in Hexes
 11330 | D:5      | Reached XP level 7. HP: 19/32 MP: 11/14
 12146 | D:5      | Found Ohezef's Distillery.
 12149 | D:5      | Bought a potion of flight for 36 gold pieces
 12149 | D:5      | Bought a potion of degeneration for 12 gold pieces
 13303 | D:4      | Identified the +0 cloak of the Tired Spines {rC+ Regen+
                  | Dex+3} (You found it on level 5 of the Dungeon)
 13444 | D:5      | Reached skill level 5 in Spellcasting
 13587 | D:6      | Found a sacrificial altar of Ru.
 13617 | D:6      | Found a hide-covered altar of Uskayaw.
 13647 | D:6      | Found a staircase to the Ecumenical Temple.
 13709 | Temple   | Entered the Ecumenical Temple
 13773 | Temple   | Became a worshipper of Kikubaaqudgha
 13825 | D:6      | Reached skill level 12 in Stealth
 13825 | D:6      | Reached XP level 8. HP: 36/36 MP: 13/16
 13946 | D:6      | Found a hazy altar of Hepliaklqana.
 14117 | D:6      | Found a stormy altar of Qazlal.
 14119 | D:6      | Noticed an air elemental
 14432 | D:7      | Reached skill level 13 in Stealth
 15248 | D:7      | Found a burning altar of Makhleb.
 15427 | D:7      | Found a shimmering altar of Xom.
 15641 | D:7      | Found an opulent altar of Gozag.
 15949 | D:8      | Gained mutation: You are partially covered in slimy green
                  | scales. (AC +2) [potion of mutation]
 15949 | D:8      | Gained mutation: You can translocate small distances at
                  | will. [potion of mutation]
 15949 | D:8      | Gained mutation: You evolve. [potion of mutation]
 15967 | D:8      | Reached * piety under Kikubaaqudgha
 15967 | D:8      | Identified Kikubaaqudgha's Compendium of Black Rites
                  | (Kikubaaqudgha gifted it to you on level 8 of the Dungeon)
 15967 | D:8      | Received a gift from Kikubaaqudgha
 15968 | D:8      | Reached skill level 1 in Necromancy
 16005 | D:8      | Reached XP level 9. HP: 39/39 MP: 20/20
 16164 | D:8      | Noticed a two-headed ogre
 16180 | D:8      | Killed a two-headed ogre
 16181 | D:8      | Reached skill level 14 in Stealth
 16444 | D:8      | Noticed Pikel
 16464 | D:8      | Killed Pikel
 16771 | D:8      | Noticed a troll
 16783 | D:8      | Killed a troll
 17341 | D:8      | Reached XP level 10. HP: 44/44 MP: 19/23
 17433 | D:8      | Reached skill level 15 in Stealth
 17654 | D:8      | Found a shimmering blue altar of Sif Muna.
 17738 | D:9      | Noticed Grum
 17776 | D:9      | Killed Grum
 18696 | D:10     | Entered Level 10 of the Dungeon
 18937 | D:10     | Reached ** piety under Kikubaaqudgha
 19372 | D:10     | Noticed a two-headed ogre
 19377 | D:10     | Killed a two-headed ogre
 19378 | D:10     | Reached skill level 10 in Hexes
 19378 | D:10     | Reached skill level 5 in Necromancy
 19436 | D:10     | Noticed an oklob plant
 19439 | D:10     | Found a staircase to the Lair.
 19833 | D:10     | Reached skill level 16 in Stealth
 19833 | D:10     | Reached skill level 10 in Spellcasting
 19837 | D:10     | Learned a level 3 spell: Dazzling Flash
 20419 | D:10     | Gained mutation: You passively map a small area around you.
                  | [evolution]
 20443 | D:10     | Found a staircase to the Orcish Mines.
 20564 | D:10     | Reached XP level 11. HP: 47/47 MP: 23/26
 21079 | D:10     | Killed an oklob plant
 22389 | Orc:1    | Entered Level 1 of the Orcish Mines
 22425 | D:11     | Noticed a purple ugly thing
 22439 | D:11     | Killed a purple ugly thing
 22985 | D:11     | Killed from afar by a manticore

Illustrated notes

Levels and vault maps discovered:
D:1:      dpeg_arrival_simpleton_c, layout_basic, nrook_uturn,
          minmay_heptomino_l4
D:2:      layout_loops_ring, chequers_avenue, nicolae_dithmenos_shadow_blocks
D:3:      layout_loops_ring, lemuel_zombie_altar_yredelemnul
D:4:      layout_basic, kennysheep_generic_room_6
D:5:      layout_basic, nicolae_ashenzari_panopticon, serial_shops,
          nicolae_shop_statue_plus, kennysheep_mini, nicolae_shop_trees,
          shop_fountains, nicolae_shop_behind_doors,
          eino_small_chamber_without_monster, uniq_menkaure
D:6:      layout_cave_pools, nicolae_overflow_hidden_temple, temple_green,
          minivault_4, nicolae_qazlal_style_of_elements
D:7:      layout_loops_ring, lemuel_coloured_pillars_altar,
          nicolae_overflow_crystal_walls, xom_shifter_show
D:8:      minmay_bubble_buster, layout_loops_ring, marbit_many_paths, uniq_pikel
D:9:      layout_rooms, uniq_grum
D:10:     layout_irregular_city, dpeg_oklobed_lair, david_orc_2, minivault_14,
          minmay_lizard_king
D:11:     layout_roguey, enter_bailey_2, minmay_misc_feat_roman, centaur_isle,
          uniq_nergalle
Temple:   cyrus_circular_temple
Orc:1:    layout_caves, okawaru_metal_pillars_1_2

Skill      XL: |  1  2  3  4  5  6  7  8  9 10 11 |
---------------+----------------------------------+-----
Stealth        | 5 6 7 9 11 12 13 14 16 | 16.6
Spellcasting   | 3 4 5 6 8 10 | 10.7
Hexes          | 4 5 7 8 10 | 10.9
Necromancy     | 1 3 5 6 |  6.3
Short Blades   | |  1.1
Dodging        | |  3.0

Action                   |  1- 3 |  4- 6 |  7- 9 | 10-12 || total
-------------------------+-------+-------+-------+-------++-------
Melee: Dagger            |   109 |   133 |   166 |   191 ||   599
Throw: Dart              |       |       |       |    14 ||    14
 Cast: Ensorcelled Hiber |    20 |    34 |    45 |    98 ||   197
       Confusing Touch   |     1 |     6 |    18 |    17 ||    42
       Corona            |       |     1 |       |       ||     1
       Dazzling Flash    |       |       |       |     1 ||     1
Evoke: Wand              |       |       |       |     3 ||     3
  Use: Scroll            |       |     5 |     4 |     3 ||    12
       Potion            |       |     2 |     3 |     2 ||     7
 Stab: Sleeping          |    27 |    43 |    43 |    62 ||   175
       Confused          |     1 |     7 |    17 |    19 ||    44
       Distracted        |     1 |       |     1 |     2 ||     4
Armor: Robe              |     5 |     5 |     5 |    10 ||    25
Dodge: Dodged            |    81 |    78 |   112 |   191 ||   462
